 Dungeon Crawl Stone Soup version 0.31-a0-360-gb3e1d13bf4 (webtiles) character file.

Game seed: 8709261418048511348

2996 hashsling the Basher (level 9, -3/59 HPs)
             Began as a Gargoyle Fighter on July 26, 2023.
             Was an Initiate of Trog.
             Splashed by a brown ugly thing's acid (5 damage)
             ... on level 7 of the Dungeon.
             The game lasted 00:19:58 (5446 turns).

hashsling the Basher (Gargoyle Fighter)             Turns: 5446, Time: 00:19:58

Health: -3/59      AC: 14    Str: 30    XL:     9   Next: 84%
Magic:  9/9        EV:  7    Int:  9    God:    Trog [......]
Gold:   307        SH:  4    Dex:  9    Spells: 8/8 levels left

rFire   . . .        C - +3 flail
rCold   + . .        c - +0 buckler
rNeg    + . .        a - +0 plate armour
rPois   ∞            s - +2 helmet
rElec   +            (no cloak)
rCorr   .            (no gloves)
SInv    .            r - +0 pair of boots
Will    .....        b - amulet of regeneration Stlth
                     p - +6 ring of strength
HPRegen 1.09/turn    B - ring of protection from cold
MPRegen 0.11/turn

%: no passive effects
@: corroded
A: sickness immunity, AC +6, negative energy resistance 1, electricity
resistance, torment resistance 1, petrification resistance
a: Renounce Religion


You were on level 7 of the Dungeon.
You worshipped Trog.
Trog was noncommittal.
You visited 2 branches of the dungeon, and saw 8 of its levels.

You collected 307 gold pieces.

Inventory:

Hand Weapons
 o - a +3 whip
 w - a +0 flail of protection
 C - a +3 flail (weapon)
Missiles
 m - 32 poisoned darts
Armour
 a - a +0 plate armour (worn)
 c - a +0 buckler (worn)
 r - a +0 pair of boots (worn)
 s - a +2 helmet (worn)
 u - an orb of light
Jewellery
 b - an amulet of regeneration (around neck)
 p - a +6 ring of strength (left hand)
 y - a +6 ring of intelligence
 B - a ring of protection from cold (right hand)
Wands
 d - a wand of flame (12)
 D - a wand of acid (12)
Scrolls
 g - 2 scrolls of teleportation {unknown}
 h - a scroll of blinking {unknown}
 j - 8 scrolls of identify {unknown}
 n - 2 scrolls of revelation {unknown}
 t - 2 scrolls of amnesia {unknown}
 v - a scroll of silence {unknown}
 x - a scroll of enchant weapon {unknown}
 E - a scroll of noise {unknown}
 F - a scroll of immolation {unknown}
Potions
 e - 3 potions of brilliance {unknown}
 f - 3 potions of attraction {unknown}
 i - 3 potions of haste {unknown}
 k - 2 potions of lignification {unknown}
 l - 2 potions of mutation {unknown}
 q - 3 potions of curing {unknown}
 z - a potion of degeneration {unknown}
 A - a potion of ambrosia {unknown}


   Skills:
 + Level 8.0 Fighting
 - Level 11.3 Maces & Flails
 * Level 4.1 Armour
 - Level 4.0 Shields


You had 8 spell levels left.
You didn't know any spells.
Your spell library contained the following spells:

 Spells                   Type           Power      Damage    Failure   Level
 Summon Small Mammal      Summ           0%         N/A       99%         1
 Poisonous Vapours        Pois/Air       0%         N/A       100%        2
 Static Discharge         Conj/Air       0%         2-2/arc   100%        2
 Call Canine Familiar     Summ           0%         N/A       100%        3
 Mephitic Cloud           Conj/Pois/Air  0%         N/A       100%        3
 Summon Guardian Golem    Hex/Summ       0%         N/A       100%        3
 Airstrike                Air            0%         2d(0-16)  100%        4
 Summon Lightning Spire   Summ/Air       0%         N/A       100%        4
 Freezing Cloud           Conj/Ice/Air   0%         6-21      100%        5


Dungeon Overview and Level Annotations

Branches:
Dungeon (7/15)             Temple (1/1) D:7

Altars:
Ashenzari
Cheibriados
Dithmenos
Elyvilon
Fedhas
Hepliaklqana
Makhleb
Nemelex Xobeh
Qazlal
Sif Muna
Trog
Uskayaw
Vehumet
Wu Jian
Xom
Yredelemnul
Zin
The Shining One

Shops:
D:6 *

Annotations:
D:3 2 transporters, holysushi's ghost, amateur OpSh


Innate Abilities, Weirdness & Mutations

You are immune to sickness and miasma.
Your stone body is resilient. (AC +6)
You are immune to poison.
You resist negative energy. (rN+)
You are resistant to electric shocks. (rElec)
You are resistant to unholy torment.
You are immune to petrification.


Message History

Trog accepts your kill.
You see here a +2 hat.
You drop a +0 chain mail.
Found a club.
Found a ring mail.
Found a stone staircase leading down.
x - a scroll labelled XYFUTRUUQO
F - a scroll labelled XAGGIX XANWETS
Found 2 boomerangs.
You see here 2 boomerangs.
A brown ugly thing comes into view.
The brown ugly thing trunk-slaps you! The acid corrodes you!
You are splashed with acid.
You closely miss the brown ugly thing. The brown ugly thing trunk-slaps you!
You are splashed with acid!
You are too injured to fight recklessly!
You are too injured to fight recklessly!
The brown ugly thing attacks as you move away!
The brown ugly thing trunk-slaps you but does no damage.
You see here 2 boomerangs.
The brown ugly thing attacks as you move away!
The brown ugly thing closely misses you.
The brown ugly thing attacks as you move away!
The brown ugly thing barely misses you.
The brown ugly thing attacks as you move away!
The brown ugly thing trunk-slaps you but does no damage.
You sock the brown ugly thing!
The brown ugly thing is moderately wounded.
The brown ugly thing trunk-slaps you.
You are splashed with acid!
You sock the brown ugly thing!
The brown ugly thing is heavily wounded.
The brown ugly thing trunk-slaps you! The acid corrodes you!
You are splashed with acid!
* * * LOW HITPOINT WARNING * * *
Okay, then.
The brown ugly thing attacks as you move away!
The brown ugly thing trunk-slaps you!
* * * LOW HITPOINT WARNING * * *
You are splashed with acid.
You die...

.............#.
.....##.#....# ...
.....##.#....# #.#
#...###.#.###.##.#
#..##......## .#.#
#..#....#...####.## ...
.....)..........⌠. ...
............####.## ....
...........###.#@#.# .....
......[...###.##u##.###.....
......>......###.###....####
.........#...##...##........
.........##..#..#.(#..#.####
.........###...###......#
.........# ##### ##...###
########## #####


You could see a brown ugly thing.

Vanquished Creatures
  A cyclops (D:7)
  An ugly thing (D:7)
  Sigmund (D:4)
  Edmund (D:4)
  A water moccasin (D:5)
  An ice beast (D:6)
  3 sky beasts
  A centaur (D:5)
  A kobold brigand (D:7)
  A bullfrog (D:6)
  2 scorpions
  8 wights
  2 howler monkeys
  3 hounds
  A sleepcap (D:7)
  An orc priest (D:7)
  4 jellies
  Terence (D:3)
  An orc wizard (D:2)
  Natasha (twice) (D:3)
  Robin (D:3)
  6 adders
  7 gnolls
  A shadow imp (D:6)
  5 white imps
  A worm (D:2)
  6 dart slugs
  16 orcs
  4 bats
  10 endoplasms
  2 giant cockroaches
  15 goblins
  12 hobgoblins
  7 jackals
  15 kobolds
  2 quokkas
  5 ball pythons
  4 rats
  A spectral hobgoblin (D:2)
157 creatures vanquished.

Notes
Turn   | Place    | Note
-------+----------+-------------------------------------------
     0 | D:1      | hashsling the Gargoyle Fighter began the quest for the Orb.
     0 | D:1      | Reached XP level 1. HP: 14/14 MP: 1/1
   105 | D:1      | Reached XP level 2. HP: 19/19 MP: 2/2
   218 | D:1      | Reached skill level 3 in Maces & Flails
   731 | D:2      | Reached XP level 3. HP: 21/23 MP: 3/3
   747 | D:2      | Identified the +1 hat of Greed {-Tele rElec Str+3 Slay+2}
   905 | D:2      | Found a faded altar of an unknown god.
  1073 | D:2      | Reached skill level 4 in Maces & Flails
  1073 | D:2      | Reached XP level 4. HP: 12/28 MP: 4/4
  1739 | D:3      | Noticed holysushi's ghost (amateur OpSh)
  1739 | D:3      | Found a transporter.
  1768 | D:3      | Found a transporter.
  1823 | D:3      | Reached skill level 5 in Maces & Flails
  1823 | D:3      | Reached XP level 5. HP: 19/32 MP: 5/5
  2075 | D:3      | Noticed Terence
  2079 | D:3      | Noticed Robin
  2089 | D:3      | Killed Robin
  2097 | D:3      | Killed Terence
  2220 | D:3      | Noticed Natasha
  2228 | D:3      | Killed Natasha
  2229 | D:3      | Reached skill level 6 in Maces & Flails
  2231 | D:3      | Found a blossoming altar of Fedhas.
  2322 | D:3      | Reached XP level 6. HP: 37/37 MP: 6/6
  2385 | D:3      | Noticed Natasha
  2444 | D:3      | Killed Natasha
  2447 | D:3      | Found a shimmering altar of Xom.
  2449 | D:3      | Found a shimmering blue altar of Sif Muna.
  2449 | D:3      | Found a shimmering altar of Xom.
  2451 | D:3      | Found a burning altar of Makhleb.
  2451 | D:3      | Found a blossoming altar of Fedhas.
  2451 | D:3      | Found a radiant altar of Vehumet.
  2558 | D:4      | Found a glowing silver altar of Zin.
  2575 | D:4      | Noticed Sigmund
  2605 | D:4      | Killed Sigmund
  2671 | D:4      | Reached XP level 7. HP: 43/43 MP: 7/7
  2737 | D:4      | Noticed Edmund
  2767 | D:4      | Killed Edmund
  2768 | D:4      | Reached skill level 7 in Maces & Flails
  3293 | D:5      | Entered Level 5 of the Dungeon
  3422 | D:5      | Found a stormy altar of Qazlal.
  4215 | D:5      | Reached skill level 8 in Maces & Flails
  4215 | D:5      | Reached XP level 8. HP: 48/48 MP: 8/8
  4323 | D:6      | Reached skill level 5 in Fighting
  4484 | D:5      | Reached skill level 9 in Maces & Flails
  4645 | D:6      | Found a hazy altar of Hepliaklqana.
  4715 | D:6      | Found Kiuvvuin's Gadget Gallery.
  4820 | D:6      | Reached XP level 9. HP: 56/56 MP: 9/9
  5015 | D:7      | Noticed a cyclops
  5033 | D:7      | Noticed a green ugly thing
  5034 | D:7      | Killed a cyclops
  5035 | D:7      | Reached skill level 10 in Maces & Flails
  5079 | D:7      | Killed a green ugly thing
  5114 | D:7      | Reached skill level 11 in Maces & Flails
  5302 | D:7      | Found a staircase to the Ecumenical Temple.
  5311 | Temple   | Entered the Ecumenical Temple
  5323 | Temple   | Became a worshipper of Trog the Wrathful
  5433 | D:7      | Noticed a brown ugly thing
  5446 | D:7      | HP: 2/59 [brown ugly thing (9)]
  5446 | D:7      | Splashed by a brown ugly thing's acid

Illustrated notes

Levels and vault maps discovered:
D:1:      saegor_arrival_fortress, layout_basic
D:2:      minmay_wonky_spiral, layout_loops_corners,
          dreamdust_ecumenical_altar_drowned_temple
D:3:      layout_loops_ring, lemuel_tele_altar, doesnt_xom_only_xom,
          gammafunk_ghost_stat_death, uniq_terence, uniq_robin, uniq_natasha
D:4:      layout_basic, mainiacjoe_overflow_boulevard, uniq_sigmund, uniq_edmund
D:5:      layout_loops_corners, grunt_qazlal_clouds, serial_co_window_serial,
          co_window_of_opportunity_a, co_window_of_opportunity_a,
          co_window_paths_a, co_window_paths_a, co_window_paths_b,
          co_window_paths_b, co_window_corner_a, co_window_paths_c,
          co_window_cross_4, co_window_2corner, co_window_corner_ca,
          co_window_sun, glass_columns_a
D:6:      layout_gridville, mainiacjoe_overflow_six_doors_small,
          corner_web_ring, corexii_checkpoint_a, nicolae_shop_gadgets
D:7:      minmay_bubble_buster, layout_rooms, jmf_multi_god_temple,
          minmay_temple_entry_proselytizer, eino_small_chamber_without_monster,
          kb_rosetta
Temple:   hellmonk_temple_forest_ring

Skill      XL: |  1  2  3  4  5  6  7  8  9 |
---------------+----------------------------+-----
Maces & Flails | 3 4 5 6 8 9 11 | 11.3
Fighting       | 4 6 8 |  8.0
Armour         | 4 |  4.1
Shields        | 4 |  4.0

Action                     |  1- 3 |  4- 6 |  7- 9 || total
---------------------------+-------+-------+-------++-------
  Melee: Flail             |   124 |    80 |   365 ||   569
         Mace              |       |    12 |       ||    12
         Whip              |       |    32 |    35 ||    67
    Use: Potion            |       |     2 |       ||     2
 Armour: Scale mail        |    58 |    42 |       ||   100
         Chain mail        |       |    12 |       ||    12
         Plate armour      |       |    12 |   249 ||   261
  Dodge: Dodged            |    54 |    43 |   126 ||   223
  Block: Buckler           |    22 |    21 |    79 ||   122

Table legend: (Time is in decaauts)
 A = Elapsed time spent in this place.
 B = Non-inter-level travel time spent in this place.
 C = Inter-level travel time spent in this place.
 D = Time resting spent in this place.
 E = Time spent auto-exploring this place.
 F = Levels seen in this place.
 G = Mean time per level.
                   A        B        C        D        E       F      G
               +--------+--------+--------+--------+--------+-----+--------+
         Total |   5476 |   5305 |    171 |     77 |   3868 |   8 |  684.5 |
       Dungeon |   5453 |   5304 |    149 |     77 |   3868 |   7 |  779.0 |
        Temple |     23 |      1 |     22 |      0 |      0 |   1 |   23.0 |
               +--------+--------+--------+--------+--------+-----+--------+

Top non-repeatable levels by time:
     D:2: 1232 daAuts
     D:5: 1016 daAuts
     D:3: 752 daAuts
     D:4: 724 daAuts
     D:6: 677 daAuts
     D:1: 628 daAuts
     D:7: 423 daAuts
  Temple: 23 daAuts
